Cogmind - Beta 15 @@@ ROGUE MODE // 2025.06.06 @ 16:16:46 // Winter2019/RPGLIKE Player: Jack Result: Destroyed by Y-54 Guardian with Flak Gun Performance ------------- Evolutions (3) 1500 Regions Visited (6) 1200 Robots Destroyed (16) 80 Value Destroyed (579) 579 Prototype IDs (0) 0 Alien Tech Used (0) 0 Bonus (200) 200 TOTAL SCORE: 3559 Bonus ------- Pacifist 200 Cogmind --------- Core Integrity 0/600 Matter 280/300 Energy 97/100 System Corruption 0% Temperature Cool (18) Movement Flying (32) Location -7/Factory Parts ------- > --- POWER (1) -------- Backup Power I > --- PROPULSION (2) --- VTOL Module VTOL Module > --- UTILITY (1) ------ (None) > --- WEAPON (2) ------- Greatsword > --- INVENTORY (0) ---- (None) Peak State ------------ > --- POWER ------------ Backup Power I > --- PROPULSION ------- VTOL Module VTOL Module > --- UTILITY ---------- (None) > --- WEAPON ----------- Greatsword > --- INVENTORY -------- (None) [Rating: 13] Favorites ----------- Power Backup Power I Engine Backup Power I Propulsion Flight Unit Flight Unit Flight Unit Utility Backup Plating I Protection Backup Plating I Weapon Small Laser Energy Gun Small Laser Slashing Weapon Greatsword Piercing Weapon Spear Build | -11 -10 -9 -9 -8 -8 -7 ------- Run | Yrd Mat Mat Min Mat Sto Fac Slots Evolved 2 | 2 . . . . . . Power . | . . . . . . . Propulsion 1 | 1 . . . . . . Utility . | . . . . . . . Weapon 1 | 1 . . . . . . Parts Attached 12 | 2 . 2 . . 3 5 Power 1 | . . . . . 1 . Engine 1 | . . . . . 1 . Core . | . . . . . . . Reactor . | . . . . . . . Propulsion 5 | . . 1 . . 2 2 Treads . | . . . . . . . Leg . | . . . . . . . Wheel . | . . . . . . . Hover . | . . . . . . . Flight 5 | . . 1 . . 2 2 Utility . | . . . . . . . Device . | . . . . . . . Storage . | . . . . . . . Processor . | . . . . . . . Hackware . | . . . . . . . Protection . | . . . . . . . Artifact . | . . . . . . . Weapon 6 | 2 . 1 . . . 3 Energy Gun 3 | 2 . 1 . . . . Energy Cannon . | . . . . . . . Ballistic Gun . | . . . . . . . Ballistic Cannon . | . . . . . . . Launcher . | . . . . . . . Special Weapon . | . . . . . . . Impact Weapon . | . . . . . . . Slashing Weapon 1 | . . . . . . 1 Piercing Weapon 2 | . . . . . . 2 Special Melee Weapon . | . . . . . . . Unidentified Prototypes . | . . . . . . . Parts Lost 1 | . . . . . . 1 Power . | . . . . . . . Propulsion . | . . . . . . . Utility 1 | . . . . . . 1 Weapon . | . . . . . . . Highest Loss Streak 1 | . . . . . . 1 To Critical Strikes . | . . . . . . . Average Backups . | . . . . . . . Power . | . . . . . . . Propulsion . | . . . . . . . Utility . | . . . . . . . Weapon . | . . . . . . . Tool/Special . | . . . . . . . Unused Backups . | . . . . . . . Power . | . . . . . . . Propulsion . | . . . . . . . Utility . | . . . . . . . Weapon . | . . . . . . . Tool/Special . | . . . . . . . Average Slot Usage (%) 68 | . 33 33 50 50 88 94 Engine 8 | . . . . . 11 16 Flight 19 | . . . 16 16 28 33 Protection 7 | . . . . . 13 13 Energy Gun 23 | . 33 33 33 33 33 5 Slashing Weapon 1 | . . . . . . 2 Piercing Weapon 7 | . . . . . . 21 Peak Build Rating 13 | 2 2 3 3 3 6 13 Average Rating 6 | 1 2 2 3 3 5 11 On Entrance 2 | . 2 2 3 3 3 6 Naked Turns . | . . . . . . . Heaviest Build 7 | 3 3 3 2 2 4 7 Greatest Support 8 | 3 3 4 4 4 8 8 Greatest Overweight (x) . | . . . . . . . Average Overweight (x) . | . . . . . . . Largest Inventory Capacity . | . . . . . . . Average Capacity . | . . . . . . . Most Carried . | . . . . . . . Average Carried . | . . . . . . . Final Capacity . | . . . . . . . Final Carried . | . . . . . . . Class Distribution -------------------- 70% | Hacker-Mutant 29% | Hacker-Gladiator Dominant Class ---------------- Hacker-Mutant | -10/Materials Hacker-Mutant | -9/Materials Hacker-Mutant | -9/Mines Hacker-Mutant | -8/Materials Hacker-Mutant | -8/Storage Hacker-Gladiator | -7/Factory Resources | -11 -10 -9 -9 -8 -8 -7 ----------- Run | Yrd Mat Mat Min Mat Sto Fac Matter Collected 300 | 144 . 86 . 10 30 30 Remotely . | . . . . . . . Salvage Created 573 | . . 231 . 77 25 240 Parts 40 | . . 20 . 5 7 8 Haulers Intercepted . | . . . . . . . Recyclers Shooed 1 | . . 1 . . . . Parts Field Recycled . | . . . . . . . Retrieved Matter . | . . . . . . . Parts Self-Destructed . | . . . . . . . Prevented . | . . . . . . . Kills | -11 -10 -9 -9 -8 -8 -7 ------- Run | Yrd Mat Mat Min Mat Sto Fac Combat Hostiles Destroyed 16 | . . 8 . 2 3 3 Melee 3 | . . . . . . 3 Guns 13 | . . 8 . 2 3 . Classes Destroyed 3 | . . 2 . . 1 . Swarmer 3 | . . . . . 3 . Grunt 10 | . . 7 . 1 . 2 Sentry 3 | . . 1 . 1 . 1 Best Kill Streak 5 | . . 5 . 2 3 3 Combat Bots Only 5 | . . 5 . 2 3 3 Max Kills in Single Turn 1 | . . 1 . 1 1 1 Gunslinging . | . . . . . . . Exploded . | . . . . . . . Melee 1 | . . . . . . 1 Uniques/NPCs Destroyed . | . . . . . . . Combat | -11 -10 -9 -9 -8 -8 -7 -------- Run | Yrd Mat Mat Min Mat Sto Fac Hostile Shots Fired 171 | . . 43 . 28 46 54 Missed 70 | . . 11 . 13 23 23 Hits 101 | . . 32 . 15 23 31 Projectile 101 | . . 32 . 15 23 31 Critical Strikes 2 | . . . . 1 1 . Damage Taken 1286 | . . 431 . 273 293 289 Core 1045 | . . 371 . 234 214 226 Absorbed by Shields . | . . . . . . . Redirected to Core 609 | . . 193 . 137 162 117 Core Remaining (%) 84 | 100 100 . 100 . 37 . Volleys Fired 40 | . . 27 . 9 4 . Largest 2 | . . 2 . 2 2 . Hottest 80 | . . 80 . 80 80 . Shots Fired 80 | . . 54 . 18 8 . Gun 80 | . . 54 . 18 8 . Cannon . | . . . . . . . Launcher . | . . . . . . . Special . | . . . . . . . Kinetic . | . . . . . . . Thermal 75 | . . 49 . 18 8 . Explosive . | . . . . . . . Electromagnetic 5 | . . 5 . . . . Robot Hit Streak 13 | . . 13 . 4 2 . Robot Miss Streak 6 | . . 6 . 3 1 . Penetration Max . | . . . . . . . Secondary Targets 2 | . . . . 1 1 . Max Gunslinging Chain 1 | . . . . 1 1 . Shots Hit Robots 60 | . . 39 . 10 4 7 Core Hits 31 | . . 19 . 5 3 4 Critical Kills . | . . . . . . . Critical Parts Destroyed . | . . . . . . . Critical Strikes 1 | . . . . . . 1 Sever 1 | . . . . . . 1 Melee Attacks 12 | . . . . . . 12 Impact . | . . . . . . . Slashing 7 | . . . . . . 7 Piercing 5 | . . . . . . 5 Sneak Attacks 1 | . . . . . . 1 Combat Hostiles 1 | . . . . . . 1 Follow-up Attacks . | . . . . . . . Damage Inflicted 960 | . . 457 . 108 43 352 Guns 608 | . . 457 . 108 43 . Cannons . | . . . . . . . Explosions . | . . . . . . . Melee 352 | . . . . . . 352 Ramming . | . . . . . . . Kinetic . | . . . . . . . Thermal 583 | . . 432 . 108 43 . Explosive . | . . . . . . . Electromagnetic 25 | . . 25 . . . . Impact . | . . . . . . . Slashing 263 | . . . . . . 263 Piercing 89 | . . . . . . 89 Highest Corruption 1 | . . . . . 1 . Average Corruption 1 | . . . . . 1 . Corruption Purged . | . . . . . . . Corruption Blocked . | . . . . . . . Effects 1 | . . . . . 1 . Energy Discharges 1 | . . . . . 1 . Overload Shots . | . . . . . . . Overflow Damage . | . . . . . . . Projectiles . | . . . . . . . Explosions . | . . . . . . . Melee . | . . . . . . . Knockbacks . | . . . . . . . Impact . | . . . . . . . Kinetic . | . . . . . . . Secondary . | . . . . . . . Self-Inflicted Damage . | . . . . . . . Shots . | . . . . . . . Rammed . | . . . . . . . Targets Rammed . | . . . . . . . Kicked . | . . . . . . . Crushed . | . . . . . . . Highest Temperature 134 | . . 60 . 134 59 1 Average Temperature 31 | . . 23 . 57 30 1 Received Heat Transfer 597 | . . 219 . 117 135 126 Siege Activations . | . . . . . . . Martial Activations . | . . . . . . . Shielding Activations . | . . . . . . . Robots Disrupted . | . . . . . . . Combat Hostiles . | . . . . . . . Robots Corrupted . | . . . . . . . Combat Hostiles . | . . . . . . . Parts Fried . | . . . . . . . Impact Corruptions . | . . . . . . . Robots Melted . | . . . . . . . Combat Hostiles . | . . . . . . . Parts Melted 2 | . . 1 . 1 . . Heat Transferred 1325 | . . 975 . 250 100 . Parts Sabotaged . | . . . . . . . Parts Stolen . | . . . . . . . Parts Stripped . | . . . . . . . Power Chain Reactions . | . . . . . . . Alert | -11 -10 -9 -9 -8 -8 -7 ------- Run | Yrd Mat Mat Min Mat Sto Fac Maximum Alert Level . | . . . . . . . Low Security (%) 100 | 100 100 100 100 100 100 100 Level 1 . | . . . . . . . Level 2 . | . . . . . . . Level 3 . | . . . . . . . Level 4 . | . . . . . . . Level 5 . | . . . . . . . High Security . | . . . . . . . Max Security . | . . . . . . . Peak Influence 140 | . . 140 50 60 103 65 Initial 53 | . . . 50 19 25 53 Average 38 | . . 56 50 21 74 24 Influence Increases 553 | . . 200 . 80 163 110 Destroy 0b10 Robot/C 320 | . . 160 . 40 60 60 Destroy Leader 80 | . . 40 . 10 10 20 Successful Hack 18 | . . . . . 3 15 Partial Spotted 15 | . . . . . . 15 Lose Combat Pursuer 120 | . . . . 30 90 . Influence Decreases 498 | . . 70 80 70 105 173 Entered New Map 211 | . . . 80 31 35 65 Time Decay 277 | . . 70 . 39 70 98 Lost Part 10 | . . . . . . 10 Squads Dispatched 2 | . . 1 . . . 1 Investigation 1 | . . . . . . 1 Extermination . | . . . . . . . Reinforcement 1 | . . 1 . . . . Assault . | . . . . . . . Garrison . | . . . . . . . Intercept . | . . . . . . . Searches Triggered . | . . . . . . . Construction Impeded . | . . . . . . . Haulers Reinforced . | . . . . . . . Active Scanning Responses . | . . . . . . . Cargo Convoy Interrupts . | . . . . . . . Stealth | -11 -10 -9 -9 -8 -8 -7 --------- Run | Yrd Mat Mat Min Mat Sto Fac Distress Signals 4 | . . 2 . 1 1 . Communications Jammed . | . . . . . . . Distress Signals . | . . . . . . . Times Spotted 45 | . 1 12 . 6 22 4 Peak Tracking Total 18 | . 1 6 . 5 18 2 Tactical Retreats 4 | . . . . 1 3 . Traps | -11 -10 -9 -9 -8 -8 -7 ------- Run | Yrd Mat Mat Min Mat Sto Fac Traps Triggered 2 | . . . . . 2 . Indirectly . | . . . . . . . Trap Hack Attempts . | . . . . . . . Triggered . | . . . . . . . Disarmed . | . . . . . . . Reprogrammed . | . . . . . . . Reused . | . . . . . . . Traps Extracted . | . . . . . . . Installed . | . . . . . . . Triggered . | . . . . . . . Machines | -11 -10 -9 -9 -8 -8 -7 ---------- Run | Yrd Mat Mat Min Mat Sto Fac Machines Disabled . | . . . . . . . Max in Single Turn . | . . . . . . . Machines Repaired . | . . . . . . . Machines Dismantled . | . . . . . . . Machines Sabotaged . | . . . . . . . Overloaded Fab Kills . | . . . . . . . Hacking | -11 -10 -9 -9 -8 -8 -7 --------- Run | Yrd Mat Mat Min Mat Sto Fac Machines Accessed 9 | . 2 . . 1 2 4 Terminals 7 | . 2 . . 1 1 3 Fabricators 1 | . . . . . . 1 Repair Stations 1 | . . . . . 1 . Recycling Units . | . . . . . . . Scanalyzers . | . . . . . . . Garrison Access . | . . . . . . . Total Hacks 13 | . 2 . . 3 2 6 Successful 9 | . 2 . . . 2 5 Failed 3 | . . . . 3 . . Catastrophic 1 | . . . . 1 . . Database Lockouts 1 | . . . . . . 1 Manual 12 | . 2 . . 3 2 5 Terminals 10 | . 2 . . 3 1 4 Fabricators 2 | . . . . . . 2 Repair Stations 1 | . . . . . 1 . Recycling Units . | . . . . . . . Scanalyzers . | . . . . . . . Garrison Access . | . . . . . . . Terminal Hacks 3 | . 1 . . . 1 1 Part Schematic 1 | . . . . . . 1 Level Access Points 2 | . 1 . . . 1 . Fabricator Hacks 2 | . . . . . . 2 Load Schematic 1 | . . . . . . 1 Build 1 | . . . . . . 1 Repair Station Hacks 1 | . . . . . 1 . Refit 1 | . . . . . 1 . Recycling Unit Hacks . | . . . . . . . Scanalyzer . | . . . . . . . Garrison Access Hacks . | . . . . . . . Unauthorized Hacks 3 | . 1 . . . . 2 Terminals 3 | . 1 . . . . 2 Botnet 3 | . 1 . . . . 2 Fabricators . | . . . . . . . Repair Stations . | . . . . . . . Recycling Units . | . . . . . . . Scanalyzers . | . . . . . . . Garrison Access . | . . . . . . . Data Cores Recovered . | . . . . . . . Used . | . . . . . . . Hacking Detections 3 | . . . . 1 . 2 Full Trace Events 2 | . . . . 1 . 1 Feedback Events . | . . . . . . . Feedback Blocked . | . . . . . . . Robot Schematics Acquired . | . . . . . . . Robots Built . | . . . . . . . Authchips . | . . . . . . . Time . | . . . . . . . Total Robot Build Rating . | . . . . . . . Part Schematics Acquired 1 | . . . . . . 1 Parts Built 2 | . . . . . . 2 Authchips . | . . . . . . . Time 42 | . . . . . . 42 Total Part Build Rating 8 | . . . . . . 8 Parts Repaired . | . . . . . . . Time . | . . . . . . . Parts Recycled . | . . . . . . . Recycled Matter . | . . . . . . . Retrieved Matter . | . . . . . . . Retrieved Components . | . . . . . . . Parts Scanalyzed . | . . . . . . . Part Schematics Acquired . | . . . . . . . Parts Damaged . | . . . . . . . Bothacking | -11 -10 -9 -9 -8 -8 -7 ------------ Run | Yrd Mat Mat Min Mat Sto Fac Used RIF Installer . | . . . . . . . Robots Hacked . | . . . . . . . Non-combat . | . . . . . . . Combat . | . . . . . . . Robot Hacks Applied . | . . . . . . . Relay Couplers Released . | . . . . . . . Fabnet Peak Effective % . | . . . . . . . Robots Rewired . | . . . . . . . Allies Hacked . | . . . . . . . Hacks Repelled . | . . . . . . . Allies | -11 -10 -9 -9 -8 -8 -7 -------- Run | Yrd Mat Mat Min Mat Sto Fac Total Allies . | . . . . . . . Largest Group . | . . . . . . . Highest-Rated Group . | . . . . . . . Highest-Rated Ally . | . . . . . . . Total Orders . | . . . . . . . Ally Attacks . | . . . . . . . Total Damage . | . . . . . . . Kills . | . . . . . . . Allies Corrupted . | . . . . . . . Allies Melted . | . . . . . . . Intel | -11 -10 -9 -9 -8 -8 -7 ------- Run | Yrd Mat Mat Min Mat Sto Fac Active Infowar (turns) . | . . . . . . . Robot Analysis Total . | . . . . . . . Derelict Logs Recovered . | . . . . . . . Drone Launches . | . . . . . . . Drone Recoveries . | . . . . . . . Exploration | -11 -10 -9 -9 -8 -8 -7 ------------- Run | Yrd Mat Mat Min Mat Sto Fac Turns Passed 742 | 13 54 163 6 92 146 268 Spaces Moved 1172 | 20 104 101 15 162 276 494 Core 210 | 20 104 86 . . . . Treads . | . . . . . . . Legs . | . . . . . . . Wheels . | . . . . . . . Hover . | . . . . . . . Flight 962 | . . 15 15 162 276 494 Fastest Speed 32 | 50 50 40 40 40 37 32 Average Speed 39 | 50 50 48 40 40 37 36 Slowest Speed 50 | 50 50 50 40 40 40 37 Overloaded Moves . | . . . . . . . Propulsion Burnouts . | . . . . . . . Robots Hopped 16 | . . . . 4 11 1 Potential Cave-ins . | . . . . . . . Cave-ins Triggered . | . . . . . . . Exploration Rate (%) 21 | 4 24 17 8 25 56 15 Regions Visited 6 Branch Regions 2 Pre-discovered Areas . | . . . . . . . Known Exits Taken 2 | . 1 . . . 1 . Unknown Exits Taken 4 | 1 . 1 1 1 . . Scrap Searched . | . . . . . . . Spaces Dug . | . . . . . . . Terrain Destroyed . | . . . . . . . Melee . | . . . . . . . Projectile . | . . . . . . . AOE . | . . . . . . . Terrain Rammed . | . . . . . . . Walls Destroyed . | . . . . . . . Machines Disabled . | . . . . . . . Actions | -11 -10 -9 -9 -8 -8 -7 --------- Run | Yrd Mat Mat Min Mat Sto Fac Total 1324 | 21 105 159 14 166 299 560 Wait 58 | . 2 9 . . 3 44 Move 1138 | 19 103 100 14 154 256 492 Hop 12 | . . . . 3 8 1 Pick Up . | . . . . . . . Fast Attach 9 | 2 . 2 . . 2 3 Attach . | . . . . . . . Detach . | . . . . . . . Swap 3 | . . . . . 1 2 Drop 10 | . . 1 . . 3 6 Fire 40 | . . 27 . 9 4 . Melee 12 | . . . . . . 12 Ram . | . . . . . . . Kick . | . . . . . . . Crush . | . . . . . . . Escape Stasis 18 | . . . . . 18 . Rewire . | . . . . . . . Trap . | . . . . . . . Miscellaneous 24 | . . 20 . . 4 . Route ------- -11/Scrapyard -10/Materials (discovered 4 exits: *Mat x3 / [*Min]) -9/Materials -9/Mines -8/Materials -8/Storage (discovered 2 exits: *Fac / [*Rec]) -7/Factory History --------- Turn | Location | Event 1 | -11/Scrapyard | Upgraded with Propulsion slot (x1) 1 | -11/Scrapyard | Upgraded with Weapon slot (x1) 3 | -11/Scrapyard | Discovered new exit (range 16) 14 | -11/Scrapyard | Entered Materials 32 | -10/Materials | Identified exit to Materials 37 | -10/Materials | Discovered new exit (range 15) 68 | -10/Materials | Entered another Materials area 70 | -9/Materials | Reached level 2 220 | -9/Materials | Discovered new exit (range 13) 231 | -9/Materials | Entered Mines 233 | -9/Mines | Reached level 3 234 | -9/Mines | Discovered new exit (range 4) 237 | -9/Mines | Entered Materials 239 | -8/Materials | Reached level 4 302 | -8/Materials | Build established: Hacker-Mutant 328 | -8/Materials | Discovered new exit (range 3) 329 | -8/Materials | Entered Storage 344 | -8/Storage | Reached level 5 394 | -8/Storage | Used back door to open Recycling access 394 | -8/Storage | Discovered new exit (range 5) 445 | -8/Storage | Identified exit to Factory 458 | -8/Storage | Core integrity fell below 50% 475 | -8/Storage | Entered Factory 476 | -7/Factory | Core integrity fell below 50% 477 | -7/Factory | Reached level 6 557 | -7/Factory | Central database locked down 689 | -7/Factory | Core integrity fell below 20% 691 | -7/Factory | Fabricated Greatsword (x2) 743 | -7/Factory | Destroyed by Y-54 Guardian with Flak Gun Last Messages --------------- Rating: 4 Time: 42 Initiate build sequence. >>Build Building Greatsword... ETC: 42 ALERT: Unauthorized use of fabrication network. Dispatching investigation squad. ALERT: All DSF locations entering lockdown mode. Y-54 Guardian destroyed. Fabricator completes Greatsword. Acquired 20 matter. Dropped Spear. Acquired Greatsword. G-47 Trooper destroyed. Acquired 10 matter. Backup Plating I destroyed. G-47 Trooper destroyed. Dropped Flight Unit. Sneak attack on Y-54 Guardian. Y-54 Guardian Imp. Light Armor Plating severed. Map ----- +----------------------------------------------------+ | ???????????????????????????????????????? | | ???????????????????????????????????????? | | ???????????????????????????????????????? | | ???????????????????????????????????????? | | ???????????????????????????????????????? | | ???????????????????????????????????????? | | ???????????????????????????????????????? | | ???????????????????????????????????????? | | ???????????????????????????????????????? | | ???????????????????????????????????????? | | ????????????????????????? ?????????????? | | ????????????????????????? ?????????????? | | ????????????????????????? ?????????????? | | ????????????????????????? ?????????????? | | ????????????????????????# #????????????? | | ???????????????????????? ????????????? | | ???????????????????????? ????????????? | | ???????????????????????? ????????????? | | ????????????????????????# #????????????? | | ????????????????????????# #????????????? | | ???????????????????? ???# #????????????? | | ???????????????????? ???# #????????????? | | ???????????????????? ???# #????????????? | | ???????????????????? #??# #????????????? | | ???????????????????? #??#Y#????????????? | | ? ?????????????? ####@###??????????? | | #????????????? # #??????????? | | #????????????# # !#??????????? | | #????????????# #]= #??????????? | | #????????????# #]= #??????????? | | #????????????# #= #??????????? | | #????????##### # #??????????? | | #????????# # #??????????? | | #?######## # #??????????? | | """ #?# # "" #??###?????? | | """ ### + "" #### ####### | | """ # T" # = # | | # "" # # | | # "" # """ # | | # # """"" # | | ##+##### """"" *# | | # %# | | !#* """ !# | | %+% """"" # | | =#=[ """"" # | | #!%* # | | ####+######+############+##+# # | | ??? ??? #????????? # // # | | ??? ? #??????? """" # "" "" # | | ?? #??????# """" # "F/"" # | +----------------------------------------------------+ Best States ------------- Heat Dissipation 25 Energy Generation 9 Energy Capacity 100 Matter Stores 300 Matter Capacity 300 Sight Range 16 Terrain Scan Density 10 Armor Coverage 80 Evasion (%) 63 Offensive Hacking 40 Item Schematics ----------------- Greatsword | -7/Factory | Hacked Robot Schematics ------------------ None Fabricated ------------ Greatsword | x2 | -7/Factory Repaired ---------- Nothing Alien Tech Used ----------------- None Achievements -------------- None Challenges ------------ None RPGLIKE | -11 -10 -9 -9 -8 -8 -7 --------- Run | Yrd Mat Mat Min Mat Sto Fac Levels Raised 5 | . . 1 1 1 1 1 XP Earned 11160 | 3000 100 2500 500 1750 1350 1960 XP Spent 8200 | 3000 . 1000 . 2600 . 1600 Upgrades 10 | 6 . 1 . 2 . 1 Propulsion Slot 1 | 1 . . . . . . Weapon Slot 1 | 1 . . . . . . Hack Attack % 8 | 4 . 1 . 2 . 1 Protomatter Created 245 | . . 177 . 44 24 . Integrity Restored 498 | . . 426 . . 72 . Core 443 | . . 371 . . 72 . Parts 55 | . . 55 . . . . Protomatter Decayed 44 | . . . . 44 . . Game ------ Seed ProcessingScanStreamer Manual? 0 Play Time 00:11:37 Cumulative 260.5 hours Start 2025.06.06 @ 16:08:05 End 2025.06.06 @ 16:16:46 Sessions 1 Manual Loads 0 Difficulty Rogue Special Mode Winter2019/RPGLIKE Game No. 260 Rogue 71 Adventurer 177 Explorer 12 Win Type - Total 65 Types 19/1/16/2/12/0/4/5/0/6 Lore% 54 Gallery% 53 Achievement% 71 Wizard Run 0 Options --------- Layout 0 ASCII 0 Keyboard 0 Movement Numpad Keybinds 0 Fullscreen 2 Font 12/Smallcaps Map View 83x54 Zoom Use 0% Tactical HUD 0 Map Filters NONE Filters NONE Steam 1 RUN: 1ae90344-300e-47e8-ad55-000a3a67d0d5